Map: Curious Minds LE

Players

ProDOS - Winner!

  • Race: Zerg Zerg
  • Spawn Location: 11:00

Goldlord

  • Race: Zerg Zerg
  • League: Platinum
  • Spawn Location: 5:00

VOD

Have the link to the VOD?

Description

Time

  • Played on: May 30, 2022, 11:33 a.m.
  • Length: 4:30
Show
View Real Time Build Order
Export as new Build Order

ProDOS Zerg - Winner!

Build Orders: Hatch First 

Get SALT Encoding   

  12  0:00  Drone  
  13  0:13  Overlord  
  13  0:19  Drone  
  14  0:32  Drone x2  
  14  0:35  Drone  
  17  0:54  Hatchery  
  16  0:59  Extractor  
  15  1:07  Spawning Pool  
  15  1:10  Drone  
  15  1:18  Drone  
  16  1:28  Drone  
  17  1:39  Drone  
  18  1:50  Drone  
  19  1:54  Queen  
  19  2:00  Zergling x2  
  22  2:01  Metabolic Boost  
  22  2:11  Queen, Zergling x2  
  22  2:13  Overlord  
  25  2:18  Zergling x2  
  25  2:22  Zergling x2  
  27  2:27  Zergling x2  
  28  2:35  Zergling x2  
  29  2:40  Overlord  
  29  2:43  Zergling x2  
  30  2:50  Zergling x2  
  31  2:55  Zergling x2  
  32  3:01  Overlord  
  32  3:06  Zergling x4  
  32  3:07  Zergling x2  
  32  3:12  Zergling x4  
  37  3:19  Zergling x4  
  40  3:20  Zergling x4  
  41  3:28  Zergling x2  
  41  3:31  Zergling x2  
  42  3:35  Zergling x2  
  42  3:43  Zergling x2  
  43  3:50  Zergling x2  
  43  3:51  Zergling x6  
  43  3:59  Zergling x4  
  45  4:07  Zergling x4  
Show
View Real Time Build Order
Export as new Build Order

Goldlord Zerg 

Build Orders: Pool First 

Get SALT Encoding   

  12  0:01  Drone  
  13  0:08  Drone  
  14  0:18  Extractor, Overlord  
  13  0:31  Drone  
  14  0:40  Spawning Pool  
  13  0:44  Drone  
  13  0:48  Drone  
  15  1:02  Drone x2  
  17  1:06  Drone  
  18  1:18  Drone  
  19  1:26  Queen  
  19  1:30  Overlord  
  21  1:43  Drone  
  22  2:03  Roach Warren  
  22  2:04  Lair  
  21  2:11  Zergling x6  
  24  2:24  Hatchery  
  23  2:43  Drone x3  
  26  2:48  Extractor  
  26  2:50  Drone x3  
  28  3:04  Overlord  
  28  3:06  Queen  
  30  3:20  Overlord  
  30  3:23  Overlord x2  
  27  3:36  Spine Crawler  
  27  3:39  Spine Crawler  
  27  3:41  Spine Crawler  
  19  3:47  Zergling x6  
Tags
 
Add a new tag
Caveats
  • Supply blocks, unpowered buildings, or Contaminate may cause inaccurate times.
  • Supply counts are checked every 10 seconds.